TOP OF THE 1ST |
Pawtucket Red Sox batting - Pitching for Tacoma Rainiers : RHP Kenzaburo Yoneyama
|
Pitching: RHP Kenzaburo Yoneyama
|
|
Batting: RHB Mike Quackenbush
|
0-0: Ball 1-0: Ball 2-0: Ball 3-0: Called Strike 3-1: Base on Balls
|
Batting: RHB Scott Treider
|
0-0: Ball Mike Quackenbush steals 2nd, throwing error, E2 Mike Quackenbush to third 1-0: Ball 2-0: Foul Ball, location: 2F 2-1: Ground out 6-3 (Groundball, 6, EV 85.0 MPH) Mike Quackenbush scores
|
Batting: SHB Marvin Lawrence
|
0-0: Ball 1-0: Ground out U3 (Groundball, 34S, EV 88.8 MPH)
|
Batting: RHB Marty King
|
0-0: SINGLE (Groundball, 34D, EV 103.1 MPH)
|
Batting: SHB Ben Ervin
|
0-0: Ball 1-0: Ball 2-0: Foul Ball, location: 2F 2-1: Ball 3-1: Swinging Strike 3-2: Foul Ball, location: 2F 3-2: Ground out 6-3 (Groundball, 6, EV 106.9 MPH)
|
Top of the 1st over - 1 run, 1 hit, 1 error, 1 left on base; Pawtucket 1 - Tacoma 0 |
BOTTOM OF THE 1ST |
Tacoma Rainiers batting - Pitching for Pawtucket Red Sox : RHP Justin Stinson
|
Pitching: RHP Justin Stinson
|
|
Batting: RHB David Aguilar
|
0-0: Called Strike 0-1: Ball 1-1: Fly out, F8 (Flyball, 8LS, EV 90.0 MPH)
|
Batting: LHB Ryan Lowe
|
0-0: Called Strike 0-1: Swinging Strike 0-2: Strikes out swinging
|
Batting: RHB Kevin Chafe
|
0-0: Ball 1-0: Foul Ball, location: 2F 1-1: Ball 2-1: Ball 3-1: Base on Balls
|
Batting: LHB Caleb Domino
|
0-0: SINGLE (Groundball, 34D, EV 107.5 MPH) Kevin Chafe to second Runner from 2nd tries for 3rd, SAFE, throw by RF made to third
|
Batting: RHB Bill Vives
|
0-0: Ball 1-0: Foul Ball, location: 2F 1-1: Called Strike 1-2: Ball 2-2: SINGLE (Groundball, 5S, EV 67.5 MPH) (infield hit) Kevin Chafe scores Caleb Domino to second
|
Batting: SHB Ismael Bello
|
0-0: Foul Ball, location: 2F 0-1: Foul Ball, location: 2F 0-2: Strikes out swinging
|
Bottom of the 1st over - 1 run, 2 hits, 0 errors, 2 left on base; Pawtucket 1 - Tacoma 1 |
TOP OF THE 2ND |
Pawtucket Red Sox batting - Pitching for Tacoma Rainiers : RHP Kenzaburo Yoneyama
|
Batting: LHB Mike Mentzer
|
0-0: Ball 1-0: Called Strike 1-1: Foul Ball, location: 2F 1-2: Foul Ball, location: 2F 1-2: Ball 2-2: Ball 3-2: Ground out 6-3 (Groundball, 6M, EV 110.6 MPH)
|
Batting: RHB Brandon Perris
|
0-0: Ball 1-0: SINGLE (Groundball, 4MD, EV 97.5 MPH)
|
Batting: RHB Garry Hash
|
0-0: Called Strike 0-1: Grounds into double play, 4-6-3 (Groundball, 4, EV 99.4 MPH)
|
Top of the 2nd over - 0 runs, 1 hit, 0 errors, 0 left on base; Pawtucket 1 - Tacoma 1 |
BOTTOM OF THE 2ND |
Tacoma Rainiers batting - Pitching for Pawtucket Red Sox : RHP Justin Stinson
|
Batting: RHB Tatsunori Hayakawa
|
0-0: Foul Ball, location: 2F 0-1: Ground out 4-3 (Groundball, 4, EV 90.6 MPH)
|
Batting: RHB Jim Begger
|
0-0: Ball 1-0: Ground out 4-3 (Groundball, 4MS, EV 69.4 MPH)
|
Batting: SHB Tony de Lara
|
0-0: Swinging Strike 0-1: Swinging Strike 0-2: Ball 1-2: Ground out U3 (Groundball, 3L, EV 96.2 MPH)
|
Bottom of the 2nd over - 0 runs, 0 hits, 0 errors, 0 left on base; Pawtucket 1 - Tacoma 1 |
TOP OF THE 3RD |
Pawtucket Red Sox batting - Pitching for Tacoma Rainiers : RHP Kenzaburo Yoneyama
|
Batting: RHB Xavier Joslin
|
0-0: Ball 1-0: Called Strike 1-1: Ball 2-1: Fly out, F3 (Flyball, 3D, EV 87.5 MPH)
|
Batting: RHB Mike Quackenbush
|
0-0: Ball 1-0: Ball 2-0: Ground out 6-3 (Groundball, 6, EV 85.0 MPH)
|
Batting: RHB Scott Treider
|
0-0: Ball 1-0: Ball 2-0: Called Strike 2-1: Foul Ball, location: 2F 2-2: Foul Ball, location: 2F 2-2: Foul Ball, location: 2F 2-2: Foul Ball, location: 2F 2-2: Foul Ball, location: 2F 2-2: Ground out 3-1 (Groundball, 34S, EV 86.9 MPH)
|
Top of the 3rd over - 0 runs, 0 hits, 0 errors, 0 left on base; Pawtucket 1 - Tacoma 1 |
BOTTOM OF THE 3RD |
Tacoma Rainiers batting - Pitching for Pawtucket Red Sox : RHP Justin Stinson
|
Batting: RHB David Aguilar
|
0-0: Ball 1-0: Called Strike 1-1: SINGLE (Groundball, 4D, EV 105.6 MPH)
|
Batting: LHB Ryan Lowe
|
0-0: Called Strike 0-1: Ball 1-1: Ball 2-1: Swinging Strike 2-2: Ball 3-2: SINGLE (Groundball, 56S, EV 63.1 MPH) (infield hit) David Aguilar to second
|
Batting: RHB Kevin Chafe
|
0-0: Ball 1-0: Ball 2-0: Ball 3-0: Base on Balls David Aguilar to third Ryan Lowe to second
|
Batting: LHB Caleb Domino
|
0-0: Ball 1-0: Ball 2-0: Called Strike 2-1: Ball 3-1: Base on Balls David Aguilar scores Ryan Lowe to third Kevin Chafe to second
|
Batting: RHB Bill Vives
|
0-0: Ball 1-0: SINGLE (Flyball, 8LS, EV 86.2 MPH) Ryan Lowe scores Kevin Chafe to third Caleb Domino to second
|
Batting: SHB Ismael Bello
|
0-0: Ball 1-0: Foul Ball, location: 2F 1-1: Foul Ball, location: 2F 1-2: Fielders Choice at 2nd, 4-6 (Groundball, 4, EV 81.9 MPH) Kevin Chafe scores Caleb Domino to third
|
Batting: RHB Tatsunori Hayakawa
|
0-0: Ball 1-0: Fielders Choice at 2nd, 3-6 (Groundball, 3, EV 83.1 MPH) Caleb Domino scores
|
Batting: RHB Jim Begger
|
0-0: Called Strike 0-1: Ball 1-1: Swinging Strike 1-2: Ball 2-2: Strikes out swinging
|
Bottom of the 3rd over - 4 runs, 3 hits, 0 errors, 1 left on base; Pawtucket 1 - Tacoma 5 |
TOP OF THE 4TH |
Pawtucket Red Sox batting - Pitching for Tacoma Rainiers : RHP Kenzaburo Yoneyama
|
Batting: SHB Marvin Lawrence
|
0-0: Fly out, F8 (Flyball, 8LXD, EV 101.9 MPH)
|
Batting: RHB Marty King
|
0-0: Swinging Strike 0-1: Foul Ball, location: 2F 0-2: Ball 1-2: Strikes out swinging
|
Batting: SHB Ben Ervin
|
0-0: Ground out 6-3 (Groundball, 6, EV 85.0 MPH)
|
Top of the 4th over - 0 runs, 0 hits, 0 errors, 0 left on base; Pawtucket 1 - Tacoma 5 |
BOTTOM OF THE 4TH |
Tacoma Rainiers batting - Pitching for Pawtucket Red Sox : RHP Justin Stinson
|
Pitching: LHP Dallas Watters
|
|
Batting: SHB Tony de Lara
|
0-0: Swinging Strike 0-1: Foul Ball, location: 2F 0-2: Ball 1-2: Ball 2-2: Ball 3-2: Foul Ball, location: 2F 3-2: Strikes out swinging
|
Batting: RHB David Aguilar
|
0-0: Ball 1-0: Ball 2-0: Called Strike 2-1: Called Strike 2-2: Fly out, F7 (Flyball, 7, EV 75.6 MPH)
|
Batting: LHB Ryan Lowe
|
0-0: Foul Ball, location: 2F 0-1: SINGLE (Groundball, 34D, EV 107.5 MPH)
|
Batting: RHB Kevin Chafe
|
0-0: Ball 1-0: Called Strike 1-1: Foul Ball, location: 2F 1-2: Strikes out swinging
|
Bottom of the 4th over - 0 runs, 1 hit, 0 errors, 1 left on base; Pawtucket 1 - Tacoma 5 |
TOP OF THE 5TH |
Pawtucket Red Sox batting - Pitching for Tacoma Rainiers : RHP Kenzaburo Yoneyama
|
Batting: LHB Mike Mentzer
|
0-0: DOUBLE (Flyball, 8LXD, EV 100.0 MPH)
|
Batting: RHB Brandon Perris
|
0-0: Foul Ball, location: 2F 0-1: Swinging Strike 0-2: Ground out U3 (Groundball, 34S, EV 65.6 MPH) Mike Mentzer to third
|
Batting: RHB Garry Hash
|
0-0: Ground out 3-1 (Groundball, 34, EV 100.0 MPH) Mike Mentzer scores
|
Batting: RHB Xavier Joslin
|
0-0: Ball 1-0: Ground out 2-3 (Groundball, 2R, EV 65.0 MPH)
|
Top of the 5th over - 1 run, 1 hit, 0 errors, 0 left on base; Pawtucket 2 - Tacoma 5 |
BOTTOM OF THE 5TH |
Tacoma Rainiers batting - Pitching for Pawtucket Red Sox : LHP Dallas Watters
|
Batting: LHB Caleb Domino
|
0-0: Called Strike 0-1: Ball 1-1: Swinging Strike 1-2: Ball 2-2: Strikes out swinging
|
Batting: RHB Bill Vives
|
0-0: Called Strike 0-1: Ground out 4-3 (Groundball, 4, EV 83.1 MPH)
|
Batting: SHB Ismael Bello
|
0-0: Foul Ball, location: 2F 0-1: Called Strike 0-2: Ball 1-2: Strikes out swinging
|
Bottom of the 5th over - 0 runs, 0 hits, 0 errors, 0 left on base; Pawtucket 2 - Tacoma 5 |
TOP OF THE 6TH |
Pawtucket Red Sox batting - Pitching for Tacoma Rainiers : RHP Kenzaburo Yoneyama
|
Batting: RHB Mike Quackenbush
|
0-0: Ball 1-0: Ball 2-0: Ground out 6-3 (Groundball, 6, EV 110.6 MPH)
|
Batting: RHB Scott Treider
|
0-0: Foul Ball, location: 2F 0-1: Foul Ball, location: 2F 0-2: Fly out, F3 (Popup, 3SF, EV 80.0 MPH)
|
Batting: SHB Marvin Lawrence
|
0-0: Called Strike 0-1: Ball 1-1: Ball 2-1: Foul Ball, location: 2F 2-2: Foul Ball, location: 2F 2-2: Ball 3-2: Fly out, F6 (Popup, 6, EV 50.6 MPH)
|
Top of the 6th over - 0 runs, 0 hits, 0 errors, 0 left on base; Pawtucket 2 - Tacoma 5 |
BOTTOM OF THE 6TH |
Tacoma Rainiers batting - Pitching for Pawtucket Red Sox : LHP Dallas Watters
|
Batting: RHB Tatsunori Hayakawa
|
0-0: Ground out 6-3 (Groundball, 6S, EV 87.5 MPH)
|
Batting: RHB Jim Begger
|
0-0: Called Strike 0-1: Called Strike 0-2: Strikes out swinging
|
Batting: SHB Tony de Lara
|
0-0: Ball 1-0: Ground out 5-3 (Groundball, 5, EV 87.5 MPH)
|
Bottom of the 6th over - 0 runs, 0 hits, 0 errors, 0 left on base; Pawtucket 2 - Tacoma 5 |
TOP OF THE 7TH |
Pawtucket Red Sox batting - Pitching for Tacoma Rainiers : RHP Kenzaburo Yoneyama
|
Batting: RHB Marty King
|
0-0: Called Strike 0-1: Foul Ball, location: 2F 0-2: Foul Ball, location: 2F 0-2: Ball 1-2: Foul Ball, location: 2F 1-2: Foul Ball, location: 2F 1-2: Foul Ball, location: 2F 1-2: Ball 2-2: Ball 3-2: Fly out, F7 (Flyball, 7S, EV 93.1 MPH)
|
Batting: SHB Ben Ervin
|
0-0: Called Strike 0-1: Called Strike 0-2: Ball 1-2: Foul Ball, location: 2F 1-2: Fly out, F4 (Popup, 23, EV 84.4 MPH)
|
Batting: LHB Mike Mentzer
|
0-0: SINGLE (Groundball, 34S, EV 63.1 MPH) (infield hit)
|
Batting: RHB Brandon Perris
|
0-0: Ball 1-0: Foul Ball, location: 2F 1-1: Ball 2-1: Foul Ball, location: 2F 2-2: Strikes out swinging
|
Top of the 7th over - 0 runs, 1 hit, 0 errors, 1 left on base; Pawtucket 2 - Tacoma 5 |
BOTTOM OF THE 7TH |
Tacoma Rainiers batting - Pitching for Pawtucket Red Sox : LHP Dallas Watters
|
Pitching: RHP Paul Carter
|
|
Batting: RHB David Aguilar
|
0-0: Ball 1-0: Foul Ball, location: 2F 1-1: Ground out 4-3 (Groundball, 4, EV 91.2 MPH)
|
Pitching: RHP Roger Warren
|
|
Batting: LHB Ryan Lowe
|
0-0: Foul Ball, location: 2F 0-1: Fly out, F6 (Flyball, 5D, EV 93.1 MPH)
|
Batting: RHB Kevin Chafe
|
0-0: Ball 1-0: Ground out 5-3 (Groundball, 5S, EV 88.1 MPH)
|
Bottom of the 7th over - 0 runs, 0 hits, 0 errors, 0 left on base; Pawtucket 2 - Tacoma 5 |
TOP OF THE 8TH |
Pawtucket Red Sox batting - Pitching for Tacoma Rainiers : RHP Kenzaburo Yoneyama
|
Pitching: RHP Francisco Mercado
|
|
Batting: RHB Garry Hash
|
0-0: Called Strike 0-1: Ball 1-1: Foul Ball, location: 2F 1-2: DOUBLE (Line Drive, 78D, EV 106.9 MPH)
|
Pinch Hitting: LHB Justin Wenzel
|
0-0: Ball 1-0: Ball 2-0: Ground out 1-3 (Groundball, 15S, EV 64.4 MPH)
|
Batting: RHB Mike Quackenbush
|
0-0: Ball 1-0: Ball 2-0: SINGLE (Groundball, 6D, EV 94.4 MPH) Garry Hash to third
|
Batting: RHB Scott Treider
|
Balk! Garry Hash scores Mike Quackenbush to second 0-0: Fly out, F8 (Flyball, 8LS, EV 90.6 MPH)
|
Batting: SHB Marvin Lawrence
|
0-0: Ball 1-0: Swinging Strike 1-1: Called Strike 1-2: Ball 2-2: Foul Ball, location: 2F 2-2: Fly out, F6 (Flyball, 56D, EV 85.0 MPH)
|
Top of the 8th over - 1 run, 2 hits, 0 errors, 1 left on base; Pawtucket 3 - Tacoma 5 |
BOTTOM OF THE 8TH |
Tacoma Rainiers batting - Pitching for Pawtucket Red Sox : RHP Roger Warren
|
Now at 1B: Justin Wenzel
|
|
Batting: LHB Caleb Domino
|
0-0: Ball 1-0: Ball 2-0: SINGLE (Groundball, 34D, EV 88.8 MPH) (infield hit)
|
Batting: RHB Bill Vives
|
0-0: Ball 1-0: Ball 2-0: Called Strike 2-1: SINGLE (Flyball, 7S, EV 95.6 MPH) Caleb Domino to second
|
Batting: SHB Ismael Bello
|
0-0: Bunt missed! 0-1: Bunted foul 0-2: Ball 1-2: Ball 2-2: Foul Ball, location: 2F 2-2: Strikes out swinging
|
Batting: RHB Tatsunori Hayakawa
|
0-0: Ball 1-0: Ball 2-0: Called Strike 2-1: Ball 3-1: Fly out, F8 (Flyball, 8RM, EV 90.6 MPH)
|
Batting: RHB Jim Begger
|
0-0: Ball 1-0: Called Strike 1-1: Foul Ball, location: 2F 1-2: Foul Ball, location: 2F 1-2: Ball 2-2: Strikes out swinging
|
Bottom of the 8th over - 0 runs, 2 hits, 0 errors, 2 left on base; Pawtucket 3 - Tacoma 5 |
TOP OF THE 9TH |
Pawtucket Red Sox batting - Pitching for Tacoma Rainiers : RHP Francisco Mercado
|
Pitching: RHP Dave McGee
|
|
Batting: RHB Marty King
|
0-0: Foul Ball, location: 2F 0-1: Ball 1-1: Ground out 6-3 (Groundball, 6, EV 80.6 MPH)
|
Batting: SHB Ben Ervin
|
0-0: Foul Ball, location: 2F 0-1: Called Strike 0-2: Ball 1-2: Strikes out swinging
|
Batting: LHB Mike Mentzer
|
0-0: Called Strike 0-1: Ball 1-1: Ground out 5-3 (Groundball, 56, EV 85.6 MPH)
|
Top of the 9th over - 0 runs, 0 hits, 0 errors, 0 left on base; Pawtucket 3 - Tacoma 5 |
|